 Dungeon Crawl Stone Soup version 0.31-a0-986-g5e6e4ef867 (webtiles) character file.

Game seed: 9993678991674505991

13871 Xavori the Nimble (level 12, -5/88 HPs)
             Began as a Djinni Chaos Knight on Nov 9, 2023.
             Was a Plaything of Xom.
             Slain by an orc knight
             ... wielding a +1 great sword
              (10 damage)
             ... on level 1 of the Orcish Mines.
             The game lasted 00:20:57 (19358 turns).

Xavori the Nimble (Djinni Chaos Knight)            Turns: 19358, Time: 00:20:57

Health: -5/88      AC: 14    Str: 14    XL:     12   Next: 38%
Gold:   364        EV: 18    Int: 13    God:    Xom [*.....] SH:  7 Dex: 30

rFire   + + .        F - +5 scimitar
rCold   . . .        I - +0 buckler
rNeg    . . .        k - +3 ring mail {rC+}
rPois   ∞            (no helmet)
rElec   .            s - scarf of Xom, Conjuring {+Inv, Str+3 Dex+3}
rCorr   +            o - +1 pair of gloves
SInv    .            (boots unavailable)
Will    ++++.        (no amulet)
Stlth   +++          B - +6 ring of dexterity
HPRegen 0.34/turn    G - ring of resist corrosion
MPRegen 0.00/turn

%: infuse magic (-6 HP)
@: about to teleport, flying
A: sickness immunity, fire resistance 2, cold vulnerability 1, float, innate
caster, HP casting, extra vitality 1, thin skeletal structure 1, strong-willed
3, shaggy fur 2, teleportitis 1, wild magic 1
a: Renounce Religion, Evoke Invisibility


You were on level 1 of the Orcish Mines.
You worshipped Xom.
You were a special plaything of Xom.
You visited 2 branches of the dungeon, and saw 11 of its levels.
You also visited: Sewer and Volcano.

You collected 739 gold pieces.
You spent 375 gold pieces at shops.

Inventory:

Hand Weapons
 v - the +11 morningstar of Ytatuigu {freeze, rC+}
   (You found it in a volcano)

   rC+:       It protects you from cold.
 F - a +5 scimitar (weapon)
 J - a +2 scimitar of flaming
Armour
 b - a +2 leather armour
 k - a +3 ring mail of cold resistance (worn)
 o - a +1 pair of gloves (worn)
 s - the scarf of Xom, Conjuring (worn) {+Inv, Str+3 Dex+3}
   (Xom gifted it to you on level 3 of the Dungeon)

   Str+3:     It affects your strength (+3).
   Dex+3:     It affects your dexterity (+3).
 I - a +0 buckler (worn)
Jewellery
 B - a +6 ring of dexterity (left hand)
 G - a ring of resist corrosion (right hand)
Wands
 q - a wand of polymorph (8)
 r - a wand of digging (6)
 w - a wand of roots (10)
 x - a wand of flame (44)
 y - a wand of mindburst (7)
 D - a wand of paralysis (8)
Scrolls
 a - a scroll of poison
 c - a scroll of butterflies
 f - 2 scrolls of enchant armour
 g - a scroll of summoning
 i - 3 scrolls of teleportation
 j - a scroll of revelation
 m - a scroll of immolation
 z - 5 scrolls of enchant weapon
 E - 2 scrolls of blinking
 H - a scroll of identify
 K - a scroll of fear
 M - a scroll of vulnerability
Potions
 d - 7 potions of curing
 e - 4 potions of brilliance
 h - a potion of might
 l - 2 potions of cancellation
 n - 2 potions of haste
 p - 2 potions of invisibility
 t - a potion of lignification
 u - 3 potions of mutation
 A - 2 potions of magic {unknown}
 L - 2 potions of heal wounds
Miscellaneous
 C - a tin of tremorstones (2/2)


   Skills:
 + Level 8.4 Fighting
 + Level 7.6 Long Blades
 + Level 7.8 Armour
 + Level 8.8 Dodging
 + Level 3.6 Shields
 * Level 7.3 Spellcasting
 * Level 7.3 Conjurations
 * Level 7.3 Hexes
   Level 0.0 Charms
 * Level 7.3 Summonings
 * Level 7.3 Necromancy
 * Level 7.3 Translocations
 * Level 7.3 Transmutations
 * Level 7.3 Fire Magic
 * Level 7.3 Ice Magic
 * Level 7.3 Air Magic
 * Level 7.3 Earth Magic
 * Level 7.3 Poison Magic
 - Level 4.2 Evocations


You knew the following spells:

 Your Spells              Type           Power      Damage    Failure   Level
a - Freeze                Ice            100%       1d10      3%          1
b - Static Discharge      Conj/Air       60%        3-6/arc   4%          2
c - Vampiric Draining     Necr           30%        2d8       9%          3
d - Teleport Other        Tloc           30%        N/A       9%          3
e - Iskenderun's Battles  Conj           30%        2d8       54%         5
Your spell library was empty.

Dungeon Overview and Level Annotations

Branches:
Dungeon (10/15)            Temple (0/1) D:6            Lair (0/5) D:10
    Orc (1/2) D:10          Sewer (visited)         Volcano (visited)

Altars:
Cheibriados
Dithmenos
Fedhas
Hepliaklqana
Nemelex Xobeh
Qazlal
Uskayaw
Xom
The Shining One

Shops:
D:5 !!=*[   D:8 *   D:9 (


Innate Abilities, Weirdness & Mutations

You are immune to sickness and miasma.
You are immune to poison.
Your flesh is very heat resistant. (rF++)
You are vulnerable to cold. (rC-)
You float through the air rather than walking.
You learn spells naturally, not from books.
Your magical power is your life essence.
You have superior vitality. (+4 MHP)
You have a somewhat thin skeletal structure. (Dex +2, Stealth+)
You are extremely strong-willed. (Will+++)
You are covered in thick fur. (AC +2)
You are occasionally teleported next to monsters.
Your spells are a little harder to cast, but a little more powerful.


Message History

You hit the warg but do no damage.
The warg is heavily wounded.
The warg misses you.
The orc warrior hits you from afar with a +0 trident!
You are too injured to fight recklessly!
You hit the warg.
The warg is severely wounded.
The warg closely misses you. The orc warrior closely misses you.
You block the warg's attack.
You are too injured to fight recklessly!
You hit the warg.
The warg is severely wounded.
The orc warrior completely misses you. You block the warg's attack.
You slash the warg!
You kill the warg!
The orc warrior unwields a +0 trident.
The orc warrior wields a +0 orcbow.
The orc warrior shoots an arrow.
The arrow hits you.
Aiming: Paralyse
Press: ? - help, Shift-Dir - straight line, f - orc warrior
Aim: an orc warrior, wielding a +0 orcbow and wearing a +0 plate armour (summoned, chance to affect: 59%)
The orc warrior resists with significant effort.
Aiming: Paralyse
Press: ? - help, Shift-Dir - straight line, f - orc knight, p - orc warrior
Aim: an orc knight, wielding a +1 great sword and wearing a +0 chain mail (chance to affect: 41%)
The orc knight resists with some effort.
The orc knight hits you with a +1 great sword.
* * * LOW HITPOINT WARNING * * *
You hit the orc knight.
The orc knight is lightly wounded.
The orc knight closely misses you.
You closely miss the orc knight.
The orc knight is lightly wounded.
The orc knight hits you with a +1 great sword!!
* * * LOW HITPOINT WARNING * * *
Xom is mildly amused.
As you read the scroll of teleportation, it crumbles to dust.
You feel strangely unstable.
The orc knight hits you with a +1 great sword!
You die...
Xom thinks this is hilarious!

***#.....,* **
**.#......#*
,***,........##
,,*,,.........##
,,**,........oo###
,,,,,.......oo##.#
*,,,>,,#....oo.oo#
,,,,,###....ooo#o#
,,,,*#.....)ow##@#
,*,,,.......o###.#
***,,#........*#.#
*,,,.##.......#.#
**,,,*,#......##.#
*,,,,,........####
**,*,...#..#.##
****#.#....##
**,,,,,,*


You could see an orc knight and 2 orc warriors.

Vanquished Creatures
  A fire dragon (Volcano)
  Erica (D:10)
  A two-headed ogre (D:10)
  Urug (D:10)
  An obsidian statue (Volcano)
  2 orc knights (D:10)
  An arcanist (D:10)
  A lindwurm (Volcano)
  Joseph (D:10)
  Grinder (D:6)
  A hornet (D:10)
  A shadow (D:10)
  2 wyverns
  A wraith (D:10)
  6 fire bats (Volcano)
  3 yaks (D:8)
  A golden eye (D:8)
  3 steam dragons
  2 acid dragons (D:9)
  2 wargs
  3 water moccasins
  A hell hound (Volcano)
  5 orc warriors
  2 sky beasts
  5 ogres
  A centaur (D:7)
  3 phantoms
  7 kobold brigands
  5 bullfrogs
  A gnoll sergeant (D:9)
  2 scorpions (D:5)
  20 wights
  6 howler monkeys
  5 lava snakes (Volcano)
  11 orc priests
  4 hounds
  2 gnoll boudas
  2 iguanas
  13 orc wizards
  Natasha (thrice) (D:2)
  Robin (D:3)
  18 gnolls
  4 river rats
  13 adders
  A shadow imp (D:7)
  2 ufetubi (D:5)
  53 orcs
  11 ball pythons
  7 bats
  10 endoplasms
  4 giant cockroaches
  9 goblins
  12 hobgoblins
  8 jackals
  36 kobolds
  3 quokkas
  2 frilled lizards
  11 rats
339 creatures vanquished.

Vanquished Creatures (collateral kills)
  A bullfrog (D:7)
  Terence (D:2)
  A gnoll (D:9)
3 creatures vanquished.

Vanquished Creatures (others)
  An orc (D:8)
1 creature vanquished.

Grand Total: 343 creatures vanquished

Notes
Turn   | Place    | Note
-------+----------+-------------------------------------------
     0 | D:1      | Xavori the Djinni Chaos Knight began the quest for the Orb.
     0 | D:1      | Reached XP level 1. HP: 20/20 MP: 0/0
   116 | D:1      | XOM: silly message
   290 | D:1      | XOM: divination: detect items
   293 | D:1      | Reached XP level 2. HP: 18/25 MP: 0/0
   428 | D:1      | XOM: summons 1 hostile demon
   700 | D:1      | Reached XP level 3. HP: 23/30 MP: 0/0
   700 | D:1      | Learned a level 1 spell: Freeze
   758 | D:1      | XOM: silly message
   956 | D:1      | Found a faded altar of an unknown god.
  1135 | D:1      | XOM: give mutation
  1135 | D:1      | Gained mutation: Your muscles are strong. (Str +4, Int/Dex
                  | -1) [Xom's mischief]
  1611 | D:1      | XOM: give mutations
  1611 | D:1      | Gained mutation: Your mind is acute. (Int +4, Str/Dex -1)
                  | [Xom's mischief]
  1611 | D:1      | Lost mutation: Your muscles are strong. (Str +4, Int/Dex
                  | -1) [Xom's mischief]
  1611 | D:1      | Gained mutation: You occasionally lose the ability to drink
                  | potions when taking damage. [Xom's mischief]
  1611 | D:1      | Gained mutation: Your body sometimes deteriorates upon
                  | taking damage. [Xom's mischief]
  1746 | D:1      | XOM: give mutations
  1746 | D:1      | Gained mutation: Your spells are a little easier to cast,
                  | but a little less powerful. [Xom's mischief]
  1746 | D:1      | Gained mutation: You are clumsy. (Dex -2) [Xom's mischief]
  1746 | D:1      | Lost mutation: You are clumsy. (Dex -2) [Xom's mischief]
  1746 | D:1      | Lost mutation: Your body sometimes deteriorates upon taking
                  | damage. [Xom's mischief]
  1765 | D:1      | XOM: give mutations
  1765 | D:1      | Gained mutation: You are somewhat resistant to further
                  | mutation. [Xom's grace]
  1765 | D:1      | Gained mutation: You are covered in fur. (AC +1) [Xom's
                  | grace]
  2075 | D:1      | XOM: noise
  2336 | D:1      | XOM: give mutation
  2336 | D:1      | Gained mutation: You are strong-willed. (Will+) [Xom's
                  | grace]
  2761 | D:1      | XOM: noise
  4131 | D:1      | XOM: summons 2 hostile demons
  4870 | D:1      | XOM: give mutation
  4870 | D:1      | Gained mutation: You are frail. (-10% HP) [Xom's mischief]
  5229 | D:1      | XOM: summons 2 hostile demons
  6175 | D:1      | XOM: god gift: 50 gold pieces
  6208 | D:1      | XOM: divination: magic mapping
  7122 | D:1      | XOM: summons 2 hostile shadow creatures
  7181 | D:1      | XOM: give mutations
  7181 | D:1      | Lost mutation: You occasionally lose the ability to drink
                  | potions when taking damage. [Xom's mischief]
  7181 | D:1      | Gained mutation: You have a pair of small horns on your
                  | head. [Xom's mischief]
  7181 | D:1      | Lost mutation: You are somewhat resistant to further
                  | mutation. [Xom's mischief]
  7181 | D:1      | Lost mutation: Your spells are a little easier to cast, but
                  | a little less powerful. [Xom's mischief]
  7226 | D:2      | XOM: god gift: scroll labelled DATHUH QOSTISO {god gift}
  7299 | D:2      | Noticed Terence
  7301 | D:2      | XOM: summons 3 friendly demons
  7304 | D:2      | XOM: smoke on damage
  7312 | D:2      | Killed Terence
  7313 | D:2      | Reached skill level 1 in Spellcasting
  7313 | D:2      | Reached skill level 1 in Conjurations
  7313 | D:2      | Reached skill level 1 in Hexes
  7313 | D:2      | Reached skill level 1 in Summonings
  7313 | D:2      | Reached skill level 1 in Necromancy
  7313 | D:2      | Reached skill level 1 in Translocations
  7313 | D:2      | Reached skill level 1 in Transmutations
  7313 | D:2      | Reached skill level 1 in Fire Magic
  7313 | D:2      | Reached skill level 1 in Ice Magic
  7313 | D:2      | Reached skill level 1 in Air Magic
  7313 | D:2      | Reached skill level 1 in Earth Magic
  7313 | D:2      | Reached skill level 1 in Poison Magic
  7313 | D:2      | Reached XP level 4. HP: 17/31 MP: 0/0
  7486 | D:2      | XOM: scenery: summon butterflies
  7538 | D:2      | XOM: god gift: 3 datura-tipped darts
  7543 | D:2      | Noticed Natasha
  7543 | D:2      | XOM: fake destruction
  7552 | D:2      | Killed Natasha
  7824 | D:2      | Reached XP level 5. HP: 36/36 MP: 0/0
  7824 | D:2      | Learned a level 2 spell: Static Discharge
  7995 | D:2      | Noticed Natasha
  7999 | D:2      | Killed Natasha
  8059 | D:3      | Noticed Robin
  8143 | D:2      | XOM: cast spell 'Leda's Liquefaction'
  8220 | D:3      | Killed Robin
  8221 | D:3      | Reached XP level 6. HP: 38/42 MP: 0/0
  8333 | D:3      | XOM: enchant monster (good)
  8391 | D:2      | XOM: scenery: summon butterflies
  8587 | D:2      | Noticed Natasha
  8597 | D:2      | Killed Natasha
  8619 | D:2      | XOM: scenery: create altars
  8799 | D:3      | Identified the scarf of Xom, Conjuring {+Inv, Str+3 Dex+3}
                  | (Xom gifted it to you on level 3 of the Dungeon)
  8799 | D:3      | XOM: god gift: scarf of Xom, Conjuring {+Inv, Str+3 Dex+3}
  9073 | D:4      | Reached XP level 7. HP: 27/46 MP: 0/0
  9073 | D:4      | Learned a level 3 spell: Vampiric Draining
  9102 | D:4      | XOM: god gift: 34 gold pieces
  9144 | D:4      | XOM: god gift: scale mail {god gift}
  9167 | D:4      | Found a stormy altar of Qazlal.
  9639 | D:4      | Reached skill level 1 in Evocations
  9639 | D:4      | XOM: divination: detect items
  9816 | D:4      | XOM: silly message
 10033 | D:4      | XOM: silly message
 10378 | D:5      | Entered Level 5 of the Dungeon
 10459 | D:5      | Found a blossoming altar of Fedhas.
 10538 | D:5      | XOM: divination: magic mapping
 10565 | D:5      | Found a sparkling altar of Nemelex Xobeh.
 10567 | D:5      | Found a shadowy altar of Dithmenos.
 10583 | D:5      | Reached XP level 8. HP: 33/43 MP: 0/0
 10671 | D:5      | XOM: silly message
 10682 | D:5      | Found a glowing golden altar of the Shining One.
 10719 | D:5      | Found Veatareto's Distillery.
 10768 | D:5      | Found Lecaim's Distillery.
 10829 | D:5      | Found a glowing drain.
 10837 | Sewer    | Entered a sewer
 10946 | Sewer    | XOM: divination: detect items
 11002 | Sewer    | XOM: noise
 11557 | D:5      | Found a shimmering altar of Xom.
 11560 | D:5      | Found a snail-covered altar of Cheibriados.
 11569 | D:5      | Found Jeiplomp's Assorted Antiques.
 11569 | D:5      | XOM: noise
 11582 | D:5      | Found Edwamyiw's Jewellery Shoppe.
 11582 | D:5      | XOM: butterfly on damage
 11591 | D:5      | Reached skill level 5 in Fighting
 11594 | D:5      | Bought a potion of degeneration for 10 gold pieces
 11594 | D:5      | Bought a potion of curing for 30 gold pieces
 11594 | D:5      | Bought a potion of heal wounds for 50 gold pieces
 11594 | D:5      | Bought a potion of attraction for 30 gold pieces
 11597 | D:5      | Found Fireh's Armour Emporium.
 11600 | D:5      | Bought a potion of mutation for 80 gold pieces
 11600 | D:5      | Bought a potion of brilliance for 40 gold pieces
 11600 | D:5      | Bought a potion of lignification for 30 gold pieces
 11606 | D:5      | Bought a scroll labelled MADDUE POPH for 21 gold pieces
 11606 | D:5      | Bought a scroll labelled LORGHOO GOBBAO for 21 gold pieces
 11606 | D:5      | Bought a scroll of teleportation for 63 gold pieces
 11635 | D:5      | XOM: give mutation
 11635 | D:5      | Gained mutation: You are highly strong-willed. (Will++)
                  | [Xom's mischief]
 11796 | D:5      | Noticed a +0 short sword
 11797 | D:5      | Noticed a +0 falchion
 11798 | D:5      | Noticed a +0 spear
 11800 | D:5      | Noticed a +0 spear
 11800 | D:5      | Noticed a +0 falchion
 11800 | D:5      | Noticed a +0 dagger
 11802 | D:5      | Noticed a +0 dagger
 11803 | D:5      | Noticed a +0 short sword
 11807 | D:5      | Found a hide-covered altar of Uskayaw.
 11954 | D:6      | Found a staircase to the Ecumenical Temple.
 11977 | D:6      | XOM: blink monster(s)
 11991 | D:5      | XOM: butterfly on damage
 12271 | D:6      | Reached skill level 5 in Dodging
 12271 | D:6      | Reached XP level 9. HP: 40/58 MP: 0/0
 12271 | D:6      | Learned a level 3 spell: Teleport Other
 12654 | D:6      | XOM: summons 5 hostile demons
 12708 | D:6      | XOM is BORED!
 12716 | D:6      | XOM: 1-stop teleportation journey
 12963 | D:6      | XOM: potion effect (invisibility)
 12968 | D:6      | Found a hazy altar of Hepliaklqana.
 13006 | D:6      | Noticed Grinder
 13020 | D:6      | Killed Grinder
 13021 | D:6      | Reached skill level 5 in Long Blades
 13164 | D:7      | XOM: scenery: create altars
 13219 | D:7      | XOM: scenery: summon butterflies
 13358 | D:7      | XOM: cast spell 'Leda's Liquefaction'
 13390 | D:7      | XOM: 1-stop teleportation journey
 13478 | D:7      | XOM: scenery: create altars
 13793 | D:7      | XOM: scenery: summon butterflies
 13829 | D:7      | Reached skill level 5 in Armour
 14048 | D:7      | XOM: summons 3 friendly demons
 14053 | D:7      | Reached XP level 10. HP: 59/64 MP: 0/0
 14192 | D:7      | XOM: scenery: create altars
 14225 | D:7      | XOM: give mutations
 14225 | D:7      | Gained mutation: Your muscles are strong. (Str +4, Int/Dex
                  | -1) [Xom's grace]
 14225 | D:7      | Gained mutation: You are extremely strong-willed. (Will+++)
                  | [Xom's grace]
 14225 | D:7      | Gained mutation: Your spells are a little harder to cast,
                  | but a little more powerful. [Xom's grace]
 14469 | D:7      | XOM: god gift: tin of tremorstones (2/2)
 14579 | D:8      | XOM: scenery: 3 doors open
 14753 | D:8      | XOM: noise
 14764 | D:7      | Reached skill level 5 in Spellcasting
 14764 | D:7      | Reached skill level 5 in Conjurations
 14764 | D:7      | Reached skill level 5 in Hexes
 14764 | D:7      | Reached skill level 5 in Summonings
 14764 | D:7      | Reached skill level 5 in Necromancy
 14764 | D:7      | Reached skill level 5 in Translocations
 14764 | D:7      | Reached skill level 5 in Transmutations
 14764 | D:7      | Reached skill level 5 in Fire Magic
 14764 | D:7      | Reached skill level 5 in Ice Magic
 14764 | D:7      | Reached skill level 5 in Air Magic
 14764 | D:7      | Reached skill level 5 in Earth Magic
 14764 | D:7      | Reached skill level 5 in Poison Magic
 15086 | D:8      | XOM: give mutations
 15086 | D:8      | Lost mutation: You have a pair of small horns on your head.
                  | [Xom's mischief]
 15086 | D:8      | Lost mutation: Your muscles are strong. (Str +4, Int/Dex
                  | -1) [Xom's mischief]
 15086 | D:8      | Lost mutation: You are frail. (-10% HP) [Xom's mischief]
 15086 | D:8      | Gained mutation: You are frail. (-10% HP) [Xom's mischief]
 15547 | D:8      | XOM: give mutations
 15547 | D:8      | Gained mutation: You have a somewhat thin skeletal
                  | structure. (Dex +2, Stealth+) [Xom's mischief]
 15547 | D:8      | Lost mutation: Your mind is acute. (Int +4, Str/Dex -1)
                  | [Xom's mischief]
 15550 | D:8      | XOM: torment (34/65 hp)
 15698 | D:8      | Found Nuang's Mass Market.
 15843 | D:8      | XOM: summons 2 hostile shadow creatures
 16029 | D:8      | XOM: polymorph kobold brigand -> golden eye
 16034 | D:8      | XOM: summons 6 hostile demons
 16035 | D:8      | Noticed a smoke demon
 16430 | D:9      | Identified the +1 ring mail "Wola" {rN+ rCorr}
 16438 | D:9      | XOM: 5-stop teleportation journey
 16546 | D:9      | XOM: confuse monster(s)
 16588 | D:9      | XOM: give mutations
 16588 | D:9      | Gained mutation: You have a beak for a mouth. [Xom's grace]
 16588 | D:9      | Gained mutation: You are covered in thick fur. (AC +2)
                  | [Xom's grace]
 16635 | D:9      | Reached XP level 11. HP: 43/71 MP: 0/0
 16635 | D:9      | Learned a level 5 spell: Iskenderun's Battlesphere
 16723 | D:9      | XOM: cloud trail
 16749 | D:9      | XOM: scenery: 1 doors open
 16775 | D:9      | XOM: scenery: create altars
 16792 | D:9      | Found Uqeib's Antique Weapon Emporium.
 16792 | D:9      | XOM: summons friendly ufetubus
 17152 | D:10     | Entered Level 10 of the Dungeon
 17207 | D:10     | Noticed an orc knight
 17222 | D:10     | XOM: cleaving
 17233 | D:10     | Killed an orc knight
 17309 | D:10     | Noticed Urug
 17313 | D:10     | Killed Urug
 17315 | D:10     | Noticed Erica
 17315 | D:10     | Noticed an arcanist
 17316 | D:10     | Noticed a +3 demon blade
 17316 | D:10     | Noticed an orc knight
 17321 | D:10     | XOM: confuse monster(s)
 17326 | D:10     | XOM: smoke on damage
 17335 | D:10     | Killed an orc knight
 17336 | D:10     | Reached skill level 1 in Shields
 17465 | D:10     | Noticed Joseph
 17478 | D:10     | XOM: divination: magic mapping
 17479 | D:10     | XOM: potion effect (invisibility)
 17485 | D:10     | Killed Joseph
 17489 | D:10     | XOM: silly message
 17496 | D:10     | Killed an arcanist
 17499 | D:10     | Killed Erica
 17576 | D:10     | Found a staircase to the Orcish Mines.
 17578 | D:10     | XOM: confuse monster(s)
 17662 | D:10     | XOM: divination: detect items
 17691 | D:10     | Found a staircase to the Lair.
 17693 | D:10     | XOM: divination: detect creatures
 17728 | D:10     | XOM: noise
 17812 | D:10     | Noticed a two-headed ogre
 17815 | D:10     | XOM: cast spell 'Cause Fear'
 17818 | D:10     | Killed a two-headed ogre
 17888 | D:10     | Identified the serpent talisman of Rationality {rElec Will+
                  | Str+2}
 18005 | D:10     | XOM: cloud trail
 18077 | Orc:1    | Entered Level 1 of the Orcish Mines
 18078 | Orc:1    | Noticed an orc warlord
 18085 | D:10     | XOM: confuse monster(s)
 18309 | D:10     | XOM: cast spell 'Leda's Liquefaction'
 18335 | Orc:1    | Reached XP level 12. HP: 64/77 MP: 0/0
 18382 | Orc:1    | Found a dark tunnel.
 18387 | Volcano  | Entered a volcano
 18486 | Volcano  | XOM: silly message
 18564 | Volcano  | XOM: divination: detect creatures
 18587 | Volcano  | XOM: silly message
 18594 | Volcano  | XOM: silly message
 18890 | Volcano  | XOM: silly message
 18894 | Volcano  | XOM: enchant monster (bad)
 18916 | Volcano  | Noticed a fire dragon
 18930 | Volcano  | XOM: enchant monster (good)
 19005 | Volcano  | XOM: draining
 19018 | Volcano  | Killed a fire dragon
 19105 | Volcano  | XOM: give mutations
 19105 | Volcano  | Lost mutation: You are frail. (-10% HP) [Xom's mischief]
 19105 | Volcano  | Lost mutation: You have a beak for a mouth. [Xom's
                  | mischief]
 19139 | Volcano  | XOM: silly message
 19260 | Volcano  | Noticed a soul eater
 19260 | Volcano  | Noticed a soul eater
 19261 | Volcano  | Found a burning altar of Makhleb.
 19261 | Volcano  | XOM: swap monsters
 19270 | Volcano  | Identified the +11 morningstar of Ytatuigu {freeze, rC+}
 19326 | Orc:1    | XOM: 2-stop teleportation journey
 19328 | Orc:1    | XOM: enchant monster (bad)
 19335 | Orc:1    | XOM: polymorph orc priest -> worm
 19338 | Orc:1    | XOM: summons 1 hostile shadow creature
 19348 | Orc:1    | XOM: give mutation
 19348 | Orc:1    | Gained mutation: You are occasionally teleported next to
                  | monsters. [Xom's mischief]
 19358 | Orc:1    | Slain by an orc knight

Illustrated notes

Levels and vault maps discovered:
D:1:      roderic_crop_circles_arrival_small, layout_basic,
          chequers_ecumenical_altar_simple_redux
D:2:      layout_loops_ring, serial_bayou_ford_a, dreamdust_mushroom_princess,
          nicolae_eternal_life, dk_noncrumbling_2, bh_walls_and_bars,
          uniq_terence, uniq_natasha
D:3:      layout_rooms, uniq_robin
D:4:      layout_basic, general_overflow_altar
D:5:      layout_rooms, mainiacjoe_overflow_concentric_impassable,
          nicolae_uskayaw_en_pointe, lemuel_crystal_altar,
          grunt_temple_overflow_open, portal_sewer_entry_e,
          minmay_gold_behind_fungi, hex_intersection,
          nicolae_shop_national_dungeon_mall, corexii_checkpoint
D:6:      layout_loops_corners, nicolae_hepliaklqana_hippocampus,
          minmay_temple_entry_poolview, uniq_grinder
D:7:      layout_loops_ring, hangedman_abyss_or_decor_stabs
D:8:      layout_gridville, minmay_misc_feat_square, minmay_shop_mass
D:9:      layout_roguey, serial_shops, shop
D:10:     layout_roguey, lair_entry_dummy, orc_0_dummy, sword_in_stone
Orc:1:    layout_caves, basic_altar, enter_volcano_4

Skill      XL: |  1  2  3  4  5  6  7  8  9 10 11 12 |
---------------+-------------------------------------+-----
Long Blades    | 3 4 5 6 7 |  7.6
Spellcasting   | 1 2 3 4 5 6 7 |  7.3
Conjurations   | 1 2 3 4 5 6 7 |  7.3
Hexes          | 1 2 3 4 5 6 7 |  7.3
Summonings     | 1 2 3 4 5 6 7 |  7.3
Necromancy     | 1 2 3 4 5 6 7 |  7.3
Translocations | 1 2 3 4 5 6 7 |  7.3
Transmutations | 1 2 3 4 5 6 7 |  7.3
Fire Magic     | 1 2 3 4 5 6 7 |  7.3
Ice Magic      | 1 2 3 4 5 6 7 |  7.3
Air Magic      | 1 2 3 4 5 6 7 |  7.3
Earth Magic    | 1 2 3 4 5 6 7 |  7.3
Poison Magic   | 1 2 3 4 5 6 7 |  7.3
Armour         | 2 3 4 5 6 7 |  7.8
Dodging        | 3 4 5 6 7 8 |  8.8
Fighting       | 4 5 7 8 |  8.4
Evocations     | 1 3 4 |  4.2
Shields        | 2 3 |  3.6

Action                     |  1- 3 |  4- 6 |  7- 9 | 10-12 || total
---------------------------+-------+-------+-------+-------++-------
  Melee: Falchion          |    85 |   167 |   339 |       ||   591
         Punch             |     2 |     1 |    11 |     5 ||    19
         Headbutt          |     1 |    27 |    88 |    24 ||   140
         Scimitar          |       |       |   123 |   518 ||   641
         Peck              |       |       |       |    70 ||    70
   Cast: Static Discharge  |       |     1 |       |       ||     1
Ability: Evoke Invisibilit |       |       |     1 |       ||     1
  Evoke: Wand              |       |       |       |    16 ||    16
    Use: Scroll            |     1 |       |    13 |     6 ||    20
         Potion            |       |       |       |     6 ||     6
   Stab: Paralysed         |       |     1 |       |     1 ||     2
         Invisible         |       |       |     6 |     8 ||    14
         Sleeping          |       |       |     1 |     2 ||     3
         Confused          |       |       |       |     1 ||     1
         Distracted        |       |       |       |     2 ||     2
 Armour: Leather armour    |    57 |       |       |       ||    57
         Ring mail         |       |   184 |   329 |   368 ||   881
  Dodge: Dodged            |    64 |   140 |   336 |   514 ||  1054
  Block: Buckler           |       |       |       |   102 ||   102

Table legend: (Time is in decaauts)
 A = Elapsed time spent in this place.
 B = Non-inter-level travel time spent in this place.
 C = Inter-level travel time spent in this place.
 D = Time resting spent in this place.
 E = Time spent auto-exploring this place.
 F = Levels seen in this place.
 G = Mean time per level.
                   A        B        C        D        E       F      G
               +--------+--------+--------+--------+--------+-----+--------+
         Total |  19513 |  19210 |    303 |   8229 |   7852 |  13 | 1501.0 |
       Dungeon |  17842 |  17539 |    303 |   7866 |   7026 |  10 | 1784.2 |
  Orcish Mines |    126 |    126 |      0 |      0 |     22 |   1 |  126.0 |
         Sewer |    625 |    625 |      0 |      0 |    485 |   1 |  625.0 |
       Volcano |    919 |    919 |      0 |    363 |    319 |   1 |  919.0 |
               +--------+--------+--------+--------+--------+-----+--------+

Top non-repeatable levels by time:
     D:1: 7045 daAuts
     D:7: 1708 daAuts
     D:8: 1494 daAuts
     D:2: 1454 daAuts
     D:4: 1333 daAuts
    D:10: 1193 daAuts
     D:6: 1134 daAuts
     D:5: 1064 daAuts
 Volcano: 919 daAuts
     D:9: 812 daAuts
   Sewer: 625 daAuts
     D:3: 601 daAuts
   Orc:1: 126 daAuts
